 Dungeon Crawl Stone Soup version 0.32-a0-141-g04fe69798e (webtiles) character file.

Game seed: 10258889030064939654

28508 kczpa the Blocker (level 13, -4/178 HPs)
             Began as a Minotaur Fighter on Feb 11, 2024.
             Was the Champion of Okawaru.
             Killed from afar by Roxanne (29 damage)
             ... with a crystal spear
             ... on level 14 of the Dungeon.
             The game lasted 00:21:39 (13661 turns).

kczpa the Blocker (Minotaur Fighter)               Turns: 13661, Time: 00:21:39

Health: -4/178     AC: 44    Str: 25    XL:     13   Next: 10%
Magic:  12/12      EV:  7    Int:  5    God:    Okawaru [******]
Gold:   1507       SH: 13    Dex:  9    Spells: 12/12 levels left

rFire   . . .        A - +3 broad axe (heavy)
rCold   + . .        x - +2 kite shield
rNeg    . . .        D - +11 crystal plate armour of Okawaru's Reproof {rC+ Dex-2 SInv Stlth+}
rPois   .            F - +2 hat
rElec   .            B - +1 cloak
rCorr   .            u - +0 pair of gloves
SInv    +            p - +0 pair of boots
Will    .....        (no amulet) Stlth
                     d - ring of see invisible
HPRegen 0.49/turn    m - +4 ring of protection
MPRegen 0.13/turn

%: no passive effects
@: berserking (expiring), very quick
A: horns 2, retaliatory headbutt
a: Renounce Religion, Heroism, Finesse, Duel


You were on level 14 of the Dungeon.
You worshipped Okawaru.
Okawaru was exalted by your worship.
You visited 2 branches of the dungeon, and saw 15 of its levels.

You collected 2014 gold pieces.
You spent 507 gold pieces at shops.

Inventory:

Hand Weapons
 a - a +4 war axe
 z - a +0 broad axe
 A - a +3 heavy broad axe (weapon)
Missiles
 w - a throwing net (quivered)
Armour
 c - a +2 scale mail of willpower
 p - a +0 pair of boots (worn)
 u - a +0 pair of gloves (worn)
 x - a +2 kite shield (worn)
 y - a +4 chain mail
 B - a +1 cloak (worn)
 D - the +11 crystal plate armour of Okawaru's Reproof (worn) {rC+ Dex-2 SInv Stlth+}
   (Okawaru gifted it to you on level 11 of the Dungeon)

   Dex-2:     It affects your dexterity (-2).
   rC+:       It protects you from cold.
   SInv:      It lets you see invisible.
   Stlth+:    It makes you more stealthy.
 F - a +2 hat (worn)
Jewellery
 d - a ring of see invisible (left hand)
 k - a ring of resist corrosion
 m - a +4 ring of protection (right hand)
 E - an amulet of magic regeneration
Wands
 g - a wand of flame (52)
 o - a wand of mindburst (33)
 C - a wand of iceblast (12)
Scrolls
 b - a scroll of torment
 f - 2 scrolls of teleportation
 l - 2 scrolls of revelation
 v - 2 scrolls of fear
Potions
 e - 2 potions of curing
 i - 3 potions of cancellation
 j - 2 potions of haste
 n - 2 potions of lignification
 q - 2 potions of might
 r - a potion of ambrosia
 s - a potion of enlightenment


   Skills:
 + Level 12.5 Fighting
 + Level 12.3 Axes
 + Level 12.5 Armour
 + Level 11.1 Dodging
 + Level 12.6 Shields


You had 12 spell levels left.
You didn't know any spells.
Your spell library contained the following spells:

 Spells                   Type           Power      Damage    Failure   Level
 Cigotuvi's Dreadful Rot  Necr/Alch/Air  0%         N/A       100%        2
 Dispel Undead            Necr           0%         3d6       100%        4
 Martyr's Knell           Necr/Summ      Unusable   N/A       N/A         4
 Death Channel            Necr           Unusable   N/A       N/A         6

Dungeon Overview and Level Annotations

Branches:
Dungeon (14/15)            Temple (1/1) D:5            Lair (0/5) D:9
    Orc (0/2) D:9          Vaults (0/5) D:13

Altars:
Ashenzari
Cheibriados
Dithmenos
Elyvilon
Fedhas
Gozag
Hepliaklqana
Kikubaaqudgha
Makhleb
Nemelex Xobeh
Okawaru
Qazlal
Ru
Sif Muna
Trog
Uskayaw
Vehumet
Wu Jian
Xom
Yredelemnul
Zin
The Shining One

Shops:
D:3 (   D:4 [   D:9 [=   D:14 (

Portals:
Trove: D:12 (give +5 ice dragon scales)

Annotations:
D:14 Roxanne


Innate Abilities, Weirdness & Mutations

You have a pair of horns on your head.
You reflexively headbutt those who attack you in melee.


Message History

Roxanne casts a spell.
The bolt of magma hits you!!!
Roxanne mumbles some strange words.
The bolt of magma hits you!!
* * * LOW HITPOINT WARNING * * *
You feel much better.
Roxanne casts a spell.
The iron shot hits you!!
* * * LOW HITPOINT WARNING * * *
Unknown command.
You feel much better.
A red film seems to cover your vision as you go berserk!
You feel yourself moving faster!
You feel mighty!
Unknown command.
You hit Roxanne but do no damage.
Roxanne is moderately damaged.
Unknown command.
You carve Roxanne like a ham!!! You headbutt Roxanne, but do no damage.
Roxanne is heavily damaged.
Roxanne mumbles some strange words.
You blink.
Unknown command.
Unknown command.
You slice Roxanne!! You headbutt Roxanne, but do no damage.
Roxanne is severely damaged.
Unknown command.
You slice Roxanne!!
Roxanne is almost destroyed.
Roxanne mumbles some strange words.
The bolt of magma hits you!!
* * * LOW HITPOINT WARNING * * *
Unknown command.
You completely miss Roxanne.
Roxanne is almost destroyed.
Unknown command.
You hit Roxanne but do no damage. You headbutt Roxanne!
Roxanne is almost destroyed.
Roxanne casts a spell.
The crystal spear hits you!!
You die...

#.###......†.## . #.#
###....†##. .## #.#
#..#.[... ..##.. ##.
##.#.. #.....# ##..
#.... #..##..##..#
#...# #..
#..#..#####... ##.##
#...#..##.... ##..@##
#............ #..I..#
#...........#
#.....###.....#.....#
#...##...$............
.........####..........
###.....### #..........
##.... ##.........
#.... #......... #.....
..........


You could see Roxanne.

Vanquished Creatures
  Snorg (D:11)
  Josephine (D:11)
  Erolcha (D:11)
  A centaur warrior (D:14)
  A tengu warrior (D:13)
  2 two-headed ogres
  A deep troll (D:13)
  Pikel (D:8)
  15 ugly things
  2 cyclopes
  2 manticores
  A centaur zombie (D:11)
  Jeremiah (D:6)
  2 centaur skeletons (D:11)
  2 komodo dragons
  2 kobold demonologists
  A freezing wraith (D:13)
  3 red devils (D:9)
  3 trolls
  A glass eye (shapeshifter) (D:13)
  A hornet (D:8)
  8 slime creatures
  A centaur simulacrum (D:11)
  2 shadows
  9 yaks
  4 wyverns
  12 wraiths
  2 vampire mosquitoes (D:13)
  A basilisk (D:13)
  3 steam dragons
  An acid dragon (D:11)
  An acid dragon (shapeshifter) (D:13)
  3 water moccasins
  Duvessa (D:5)
  6 orc warriors
  A black bear (D:6)
  A sky beast (D:7)
  A boggart (shapeshifter) (D:13)
  3 boggarts (D:12)
  4 ogres
  7 centaurs
  2 phantoms
  3 lemures (D:8)
  4 kobold brigands
  A bullfrog (D:9)
  2 scorpions
  19 wights
  Dowan (D:5)
  3 killer bees (D:7)
  3 bombardier beetles
  A jelly (D:7)
  A gnoll bouda (D:8)
  10 orc priests
  2 hounds
  3 iguanas
  Jessica (D:3)
  20 orc wizards
  A howler monkey skeleton (D:11)
  7 gnolls
  10 adders
  A shadow imp (D:7)
  A white imp (D:6)
  A ribbon worm (D:3)
  3 dart slugs
  46 orcs
  7 endoplasms
  A giant cockroach (D:3)
  9 goblins
  8 hobgoblins
  7 jackals
  5 quokkas
  6 ball pythons
  5 bats
  8 frilled lizards
  22 kobolds
  5 rats
345 creatures vanquished.

Notes
Turn   | Place    | Note
-------+----------+-------------------------------------------
     0 | D:1      | kczpa the Minotaur Fighter began the quest for the Orb.
     0 | D:1      | Reached XP level 1. HP: 19/19 MP: 0/0
    76 | D:1      | Reached XP level 2. HP: 24/27 MP: 1/1
   162 | D:1      | Reached skill level 1 in Dodging
   403 | D:1      | Reached XP level 3. HP: 33/33 MP: 2/2
   566 | D:2      | Identified a scroll of acquirement
   566 | D:2      | Acquired 995 gold pieces
   723 | D:2      | Identified the +6 dagger "Qifog" {freeze, Str+5}
   944 | D:3      | Reached XP level 4. HP: 38/40 MP: 3/3
  1054 | D:3      | Found Uhuimp's Antique Weapon Boutique.
  1261 | D:3      | Noticed Jessica
  1264 | D:3      | Killed Jessica
  1267 | D:3      | You fall into a shaft and drop 2 floors!
  1267 | D:5      | Entered Level 5 of the Dungeon
  1371 | D:5      | Noticed a phantom
  1396 | D:5      | Killed a phantom
  1397 | D:5      | Reached XP level 5. HP: 43/47 MP: 4/4
  1430 | D:5      | Found a shimmering altar of Xom.
  1524 | D:4      | Found a radiant altar of Vehumet.
  1934 | D:4      | Reached XP level 6. HP: 55/55 MP: 5/5
  2048 | D:4      | Found Beiphuad's Antique Armour Shoppe.
  2213 | D:4      | Reached skill level 5 in Fighting
  2213 | D:4      | Reached skill level 5 in Armour
  2213 | D:4      | Reached skill level 5 in Shields
  3121 | D:5      | Reached XP level 7. HP: 25/61 MP: 6/6
  3370 | D:5      | Found a staircase to the Ecumenical Temple.
  3388 | Temple   | Entered the Ecumenical Temple
  3458 | Temple   | Became a worshipper of Warmaster Okawaru
  3710 | D:5      | Reached skill level 5 in Axes
  3775 | D:5      | Noticed Dowan
  3775 | D:5      | Noticed Duvessa
  3799 | D:5      | Killed Duvessa
  3808 | D:5      | Killed Dowan
  4176 | D:6      | Reached XP level 8. HP: 70/70 MP: 7/7
  4194 | D:6      | Noticed Jeremiah
  4207 | D:6      | Reached * piety under Okawaru
  4299 | D:6      | Killed Jeremiah
  4300 | D:6      | Reached skill level 5 in Dodging
  4324 | D:6      | Reached ** piety under Okawaru
  4890 | D:6      | Reached XP level 9. HP: 60/79 MP: 8/8
  5628 | D:7      | Reached *** piety under Okawaru
  5847 | D:7      | Noticed a komodo dragon
  5856 | D:7      | Killed a komodo dragon
  6257 | D:8      | Noticed Pikel
  6306 | D:8      | Killed Pikel
  6306 | D:8      | Reached **** piety under Okawaru
  6307 | D:8      | Reached XP level 10. HP: 21/90 MP: 9/9
  6912 | D:8      | Paralysed by a hornet for 2 turns
  7064 | D:8      | Noticed a two-headed ogre
  7070 | D:8      | Killed a two-headed ogre
  7070 | D:8      | Reached ***** piety under Okawaru
  7407 | D:9      | Found Nuschae's Antique Armour Boutique.
  7420 | D:9      | Bought a glowing scale mail for 245 gold pieces
  7420 | D:9      | Bought a runed chain mail for 262 gold pieces
  7504 | D:9      | Received a gift from Okawaru
  7806 | D:9      | Identified the +8 longbow of the Fae God {heavy, +Blink
                  | MP+9 Str-3 Int+3}
  7809 | D:9      | Found a sacrificial altar of Ru.
  7886 | D:9      | Found a staircase to the Lair.
  7914 | D:9      | Reached XP level 11. HP: 99/99 MP: 10/10
  7932 | D:9      | Reached skill level 10 in Fighting
  7932 | D:9      | Reached skill level 10 in Shields
  8038 | D:9      | Reached skill level 10 in Armour
  8090 | D:9      | Found Olaoqeaf's Jewellery Shoppe.
  8211 | D:9      | Found a glowing golden altar of the Shining One.
  8227 | D:9      | Found a shimmering blue altar of Sif Muna.
  8614 | D:9      | Found a staircase to the Orcish Mines.
  8705 | D:10     | Entered Level 10 of the Dungeon
  8885 | D:10     | Received a gift from Okawaru
  8972 | D:10     | Reached skill level 10 in Axes
  9944 | D:11     | Noticed Erolcha
  9944 | D:11     | Noticed Josephine
  9949 | D:11     | Noticed Snorg
 10257 | D:11     | Received a gift from Okawaru
 10474 | D:11     | Reached ****** piety under Okawaru
 10475 | D:11     | Acquired a +2 heavy broad axe
 10475 | D:11     | Received a gift from Okawaru
 10481 | D:11     | Acquired the +11 crystal plate armour of Okawaru's Reproof
                  | {rC+ Dex-2 SInv Stlth+}
 10481 | D:11     | Received a gift from Okawaru
 10559 | D:11     | Identified the maw talisman of Resourcefulness {rPois
                  | Int+2}
 10613 | D:11     | Killed Erolcha
 10629 | D:11     | Killed Josephine
 10955 | D:11     | Killed Snorg
 11031 | D:11     | Noticed a soul eater
 11032 | D:11     | Reached XP level 12. HP: 107/110 MP: 11/11
 11685 | D:12     | Found a blossoming altar of Fedhas.
 11839 | D:12     | Received a gift from Okawaru
 12124 | D:12     | Found a portal to a secret trove of treasure.
 12219 | D:13     | Reached skill level 10 in Dodging
 12367 | D:13     | Noticed a two-headed ogre
 12378 | D:13     | Killed a two-headed ogre
 12999 | D:13     | Found a gate to the Vaults.
 13064 | D:14     | Noticed a centaur warrior
 13067 | D:14     | Killed a centaur warrior
 13069 | D:14     | Noticed a tengu warrior
 13087 | D:13     | Received a gift from Okawaru
 13093 | D:13     | Killed a tengu warrior
 13330 | D:14     | Reached XP level 13. HP: 86/119 MP: 12/12
 13509 | D:14     | Found Nicenu's Weapon Shoppe.
 13644 | D:14     | Noticed Roxanne
 13653 | D:14     | HP: 3/119 [Roxanne/iron shot (24)]
 13661 | D:14     | Killed from afar by Roxanne

Illustrated notes

Levels and vault maps discovered:
D:1:      heliophobic_arrival_henge, layout_rooms, serial_forest,
          infiniplex_forest_clump_double, infiniplex_forest_straight_2,
          infiniplex_forest_zigzag_1, infiniplex_forest_clump_cross,
          infiniplex_forest_straight_5, minmay_hexomino_c4
D:2:      layout_rooms
D:3:      layout_basic, serial_shops, nicolae_shop_tiny_statue_garden,
          kennysheep_small_spiral, uniq_jessica
D:4:      layout_basic, nicolae_overflow_crystal_walls, serial_shops, shop
D:5:      layout_basic, mainiacjoe_overflow_brackets,
          minmay_temple_entry_large_hall, uniq_duvessa
D:6:      layout_basic, kennysheep_generic_room_15, uniq_jeremiah
D:7:      kennysheep_steamy, layout_rooms
D:8:      layout_loops_cross, uniq_pikel
D:9:      layout_loops_cross, nicolae_ru_great_annihilating_truth,
          mainiacjoe_overflow_catwalk_spiral, minmay_lair_entry_grove,
          hiddenorc1_lemuel, serial_shops, shop, nicolae_diamond_shop,
          einodemon_armed_red_devil_minivault
D:10:     layout_stronghold
D:11:     layout_long_grid, hangedman_weighted_door, uniq_erolcha,
          uniq_josephine, uniq_snorg
D:12:     layout_irregular_city, nicolae_trove_entry_columns,
          fedhas_ov_isle_minmay
D:13:     layout_loops_ring, david_vaults_4
D:14:     layout_layer_cave, serial_shops, nicolae_shop_hallway_plus,
          uniq_roxanne
Temple:   minmay_temple_bridge_d

Skill      XL: |  1  2  3  4  5  6  7  8  9 10 11 12 |
---------------+-------------------------------------+-----
Dodging        | 1 2 3 4 5 6 8 9 11 | 11.1
Fighting       | 4 5 6 7 8 9 11 12 | 12.5
Armour         | 4 5 6 7 8 9 11 12 | 12.5
Axes           | 3 4 5 6 8 9 10 12 | 12.3
Shields        | 4 5 6 7 8 9 11 12 | 12.6

Action                     |  1- 3 |  4- 6 |  7- 9 | 10-12 | 13-15 || total
---------------------------+-------+-------+-------+-------+-------++-------
  Melee: War axe           |    82 |   102 |   206 |   508 |       ||   898
         Headbutt          |     6 |    10 |    44 |   126 |    13 ||   199
         Broad axe         |       |       |       |    56 |    29 ||    85
 Invoke: Heroism           |       |       |       |     4 |       ||     4
         Receive Weapon    |       |       |       |     1 |       ||     1
         Receive Armour    |       |       |       |     1 |       ||     1
  Evoke: Wand              |       |     1 |    11 |     7 |       ||    19
    Use: Scroll            |     5 |     3 |     3 |    16 |     2 ||    29
         Potion            |       |       |       |     7 |     3 ||    10
   Stab: Invisible         |       |       |       |     1 |       ||     1
         Paralysed         |       |       |       |     1 |       ||     1
 Armour: Scale mail        |    55 |    66 |   184 |    74 |       ||   379
         Chain mail        |       |       |       |   251 |       ||   251
         Crystal plate arm |       |       |       |   244 |    30 ||   274
  Dodge: Dodged            |    46 |    46 |   106 |   242 |     4 ||   444
  Block: Buckler           |    21 |    15 |    50 |    19 |       ||   105
         Kite shield       |       |       |       |   429 |    13 ||   442

Table legend: (Time is in decaauts)
 A = Elapsed time spent in this place.
 B = Non-inter-level travel time spent in this place.
 C = Inter-level travel time spent in this place.
 D = Time resting spent in this place.
 E = Time spent auto-exploring this place.
 F = Levels seen in this place.
 G = Mean time per level.
                   A        B        C        D        E       F      G
               +--------+--------+--------+--------+--------+-----+--------+
         Total |  13828 |  13300 |    528 |    605 |  10180 |  15 |  921.9 |
       Dungeon |  13688 |  13299 |    389 |    605 |  10180 |  14 |  977.7 |
        Temple |    140 |      1 |    139 |      0 |      0 |   1 |  140.0 |
               +--------+--------+--------+--------+--------+-----+--------+

Top non-repeatable levels by time:
     D:9: 1300 daAuts
     D:6: 1291 daAuts
    D:10: 1264 daAuts
    D:11: 1247 daAuts
     D:4: 1240 daAuts
     D:5: 1172 daAuts
     D:8: 1119 daAuts
    D:13: 1088 daAuts
    D:12: 998 daAuts
     D:7: 897 daAuts
     D:3: 693 daAuts
     D:1: 577 daAuts
    D:14: 408 daAuts
     D:2: 387 daAuts
  Temple: 140 daAuts
